 Dungeon Crawl Stone Soup version 0.28-a0-821-g923ab73998 (webtiles) character file.

Game seed: 13061070434250211807

425 Essalna the Firebug (level 6, 0/41 HPs)
             Began as a Demonspawn Fire Elementalist on Nov 9, 2021.
             Slain by Duvessa (12 damage)
             ... on level 4 of the Dungeon.
             The game lasted 00:04:56 (3123 turns).

Essalna the Firebug (Demonspawn Fire Elementalist)  Turns: 3123, Time: 00:04:57

Health: 0/41       AC:  2    Str:  8    XL:     6   Next: 64%
Magic:  2/12       EV: 12    Int: 19    God:
Gold:   129        SH:  0    Dex: 19    Spells: 10/13 levels left

rFire   . . .      SeeInvis .   i - staff of death
rCold   . . .      Faith    .   (no shield)
rNeg    + . .      Spirit   .   a - +0 robe
rPois   .          Reflect  .   (helmet restricted)
rElec   .          Harm     .   (no cloak)
rCorr   .          Rampage  .   (no gloves)
Will    .....                   (no boots)
Stlth   ++........              c - amulet of magic regeneration
HPRegen 0.13/turn               o - +6 ring of dexterity
MPRegen 0.38/turn               (no ring)

@: no status effects
A: antennae 1, spiny 2, demonic magic 1
a: no special abilities


You were on level 4 of the Dungeon.
You visited 1 branch of the dungeon, and saw 6 of its levels.

You collected 129 gold pieces.

Inventory:

Armour
 a - a +0 robe (worn)
 r - a +0 helmet
Magical Staves
 i - a staff of death (weapon)
Jewellery
 c - an amulet of magic regeneration (around neck)
 o - a +6 ring of dexterity (left hand)
 u - an amulet of the acrobat
Scrolls
 e - 2 scrolls of enchant weapon {unknown}
 f - a scroll of noise {unknown}
 j - 3 scrolls of identify {unknown}
 l - a scroll of enchant armour {unknown}
 p - 2 scrolls of magic mapping {unknown}
Potions
 b - a potion of might {unknown}
 d - 4 potions of curing {unknown}
 g - a potion of brilliance {unknown}
 h - 3 potions of lignification {unknown}
 k - a potion of degeneration {unknown}
 m - a potion of attraction {unknown}
 n - a potion of mutation {unknown}
 q - a potion of heal wounds
 s - a potion of magic {unknown}
 t - a potion of haste


   Skills:
 - Level 1.7 Dodging
 - Level 1.7 Stealth
 + Level 4.1 Spellcasting
 + Level 4.0 Conjurations
 + Level 4.5 Fire Magic


You had 10 spell levels left.
You knew the following spells:

 Your Spells              Type           Power      Damage    Failure   Level
a - Foxfire               Conj/Fire      80%        2x1d8     2%          1
b - Scorch                Fire           42%        2d7       3%          2

Your spell library contained the following spells:

 Spells                   Type           Power      Damage    Failure   Level
 Conjure Flame            Conj/Fire      20%        6-21      7%          3
 Inner Flame              Hex/Fire       12%        N/A       16%         3
 Flame Wave               Conj/Fire      20%        3d6       24%         4


Dungeon Overview and Level Annotations

Branches:
Dungeon (6/15)
 Temple: D:4-7

Altars:

Shops:
D:5 !

Annotations:
D:4 Duvessa


Innate Abilities, Weirdness & Mutations

You have a pair of small antennae on your head.
You are mostly covered in sharp spines.
Spells you cast may paralyse adjacent enemies.


Message History

The foxfire hits Duvessa but does no damage.
Duvessa is lightly wounded.
You conjure some foxfire!
Malevolent energies surge around you.
The foxfire hits Duvessa but does no damage.
Duvessa is lightly wounded.
The foxfire hits Duvessa but does no damage.
Duvessa is lightly wounded.
You conjure some foxfire!
Malevolent energies surge around you.
The foxfire hits Duvessa.
Duvessa is moderately wounded.
The foxfire hits Duvessa but does no damage.
Duvessa is moderately wounded.
Casting: Foxfire (safe; 2% risk of failure)
Confirm with . or Enter, or press ? or * to list all spells.
Flames lash Duvessa but do no damage.
Malevolent energies surge around you.
The foxfire hits Duvessa but does no damage.
Duvessa is moderately wounded.
The foxfire hits Duvessa.
Duvessa is moderately wounded.
Duvessa barely misses you. Duvessa is struck by your spines.
Duvessa barely misses you.
Casting: Scorch (safe; 3% risk of failure)
Confirm with . or Enter, or press ? or * to list all spells.
Flames lash Duvessa.
Duvessa is heavily wounded.
Duvessa's fire resistance burns away.
Malevolent energies surge around you. Duvessa hits you with a +0 short sword!
Casting: Scorch (safe; 3% risk of failure)
Confirm with . or Enter, or press ? or * to list all spells.
You don't have enough magic to cast this spell.
Casting: Scorch (safe; 3% risk of failure)
Confirm with . or Enter, or press ? or * to list all spells.
You don't have enough magic to cast this spell.
Casting: Scorch (safe; 3% risk of failure)
Confirm with . or Enter, or press ? or * to list all spells.
You don't have enough magic to cast this spell.
Found a scroll labelled GEZUTHR ROKARR.
Duvessa hits you with a +0 short sword!
* * * LOW HITPOINT WARNING * * *
Duvessa hits you with a +0 short sword!
You die...

#......#
.#######......
?.............
..............
.............## ##
.......... ...#####..#
..)).....###........(#
.......e.........#...#
.......@.............#
#....................#
##....######.........#
#...# #...######.#
#... #...## ### #...
#....# #.# #..
##....## ##.# #..
##......## #.##
##.....[..###.#


You could see Duvessa (berserk, fast, combustible).

Vanquished Creatures
  An ogre (D:5)
  A scorpion (D:4)
  Dowan (D:4)
  A hound (D:4)
  A jelly (D:5)
  7 adders
  4 gnolls (D:4)
  A white imp (D:6)
  2 adder skeletons (D:4)
  A worm (D:4)
  3 dart slugs
  3 ball pythons
  5 endoplasms (D:2)
  3 giant cockroaches
  4 goblins
  6 hobgoblins
  2 jackals (D:2)
  3 kobolds (D:3)
  4 quokkas
  3 bats
  A frilled lizard (D:1)
  3 rats
60 creatures vanquished.

Vanquished Creatures (others)
  321 foxfires
321 creatures vanquished.

Grand Total: 381 creatures vanquished

Notes
Turn   | Place    | Note
-------+----------+-------------------------------------------
     0 | D:1      | Essalna the Demonspawn Fire Elementalist began the quest
                  | for the Orb.
     0 | D:1      | Reached XP level 1. HP: 13/13 MP: 3/3
   549 | D:1      | Gained mutation: You have a pair of small antennae on your
                  | head. [demonic ancestry]
   549 | D:1      | Reached XP level 2. HP: 19/19 MP: 1/5
   789 | D:2      | Gained mutation: You are partially covered in sharp spines.
                  | [demonic ancestry]
   789 | D:2      | Reached XP level 3. HP: 18/24 MP: 1/6
  1935 | D:3      | You fall into a shaft and drop 3 floors!
  1955 | D:6      | Reached XP level 4. HP: 18/30 MP: 4/8
  1962 | D:5      | Entered Level 5 of the Dungeon
  2094 | D:5      | Found Uryrch's Distillery.
  2127 | D:5      | Noticed an ogre
  2133 | D:5      | Killed an ogre
  2134 | D:5      | Gained mutation: Spells you cast may paralyse adjacent
                  | enemies. [demonic ancestry]
  2134 | D:5      | Reached XP level 5. HP: 35/35 MP: 4/10
  2775 | D:4      | Learned a level 2 spell: Scorch
  2827 | D:4      | Gained mutation: You are mostly covered in sharp spines.
                  | [demonic ancestry]
  2827 | D:4      | Reached XP level 6. HP: 41/41 MP: 5/11
  3108 | D:4      | Noticed Dowan
  3114 | D:4      | Killed Dowan
  3115 | D:4      | Noticed Duvessa
  3123 | D:4      | Slain by Duvessa

Illustrated notes

Levels and vault maps discovered:
D:1:      lightli_arrival_isolated_outpost, layout_basic,
          wander_ebering_terrifying_dragon_lair
D:2:      layout_rooms, serial_co_window_serial, co_window_corner_a,
          co_window_of_opportunity_a, co_window_paths_b, co_window_paths_a,
          co_window_corner_a, co_window_corner_a, co_window_paths_a,
          co_window_corner_ca, co_window_of_opportunity_b, co_window_corner_b,
          co_window_of_opportunity_c, co_window_cross_4, co_window_2corner,
          co_window_broadway_c, glass_columns_a, glass_columns_c, dk_vineyard_1
D:3:      layout_rooms
D:4:      layout_layer_cave, lemuel_tele_altar,
          minmay_temple_entry_purple_smoke, uniq_duvessa
D:5:      layout_cave_pools, mainiacjoe_overflow_concentric_impassable,
          serial_shops, shop
D:6:      minmay_diamond_boxcup, layout_cave_pods,
          mainiacjoe_overflow_surrounded_room, grunt_decor_arrowhead,
          st_stairs_9, minmay_lizard_king

Skill      XL: |  1  2  3  4  5  6 |
---------------+-------------------+-----
Fire Magic     | 3 4 |  4.5
Conjurations   | 2 3 4 |  4.0
Spellcasting   | 3 4 |  4.1
Dodging        | |  1.7
Stealth        | |  1.7

Action                   |  1- 3 |  4- 6 || total
-------------------------+-------+-------++-------
Melee: Unarmed           |     6 |       ||     6
       Staff             |     6 |     1 ||     7
 Cast: Foxfire           |    84 |   101 ||   185
       Scorch            |       |     7 ||     7
 Stab: Paralysed         |       |     1 ||     1
Armor: Robe              |     4 |     1 ||     5
Dodge: Dodged            |    10 |     5 ||    15

Table legend: (Time is in decaauts)
 A = Elapsed time spent in this place.
 B = Non-inter-level travel time spent in this place.
 C = Inter-level travel time spent in this place.
 D = Time resting spent in this place.
 E = Time spent auto-exploring this place.
 F = Levels seen in this place.
 G = Mean time per level.
                   A        B        C        D        E       F      G
               +--------+--------+--------+--------+--------+-----+--------+
         Total |   3133 |   3036 |     97 |      0 |   2619 |   6 |  522.2 |
       Dungeon |   3133 |   3036 |     97 |      0 |   2619 |   6 |  522.2 |
               +--------+--------+--------+--------+--------+-----+--------+

Top non-repeatable levels by time:
     D:2: 1194 daAuts
     D:1: 725 daAuts
     D:4: 529 daAuts
     D:3: 482 daAuts
     D:5: 173 daAuts
     D:6: 26 daAuts
